 Dungeon Crawl Stone Soup version 0.23-a0-299-g9a66eeb (webtiles) character file.

3952 mopl the Jinx (level 10, -4/63 HPs)
             Began as a Demonspawn Enchanter on Oct 6, 2018.
             Was a Priest of Dithmenos.
             Killed from afar by a gargoyle (19 damage)
             ... with a stone arrow
             ... on level 8 of the Dungeon.
             The game lasted 00:17:14 (9412 turns).

mopl the Jinx (Demonspawn Enchanter)                Turns: 9412, Time: 00:17:15

Health: -4/63      AC:  8    Str: 14    XL:     10   Next: 2%
Magic:  1/16       EV: 12    Int: 18    God:    Dithmenos [***...]
Gold:   437        SH:  0    Dex: 17    Spells: 5/17 levels left

rFire    . . .     SeeInvis .   a - +2 dagger
rCold    . . .     Gourm    .   (no shield)
rNeg     . . .     Faith    .   b - +0 robe
rPois    .         Spirit   .   (helmet restricted)
rElec    .         Reflect  .   F - +0 cloak (curse)
rCorr    .         Harm     .   n - +1 pair of gloves
MR       +....                  (no boots)
Stlth    +++++++...             (no amulet)
HPRegen  0.20/turn              C - ring of stealth
MPRegen  0.15/turn              g - ring "Neaquane" {+Fly MR+ Str+5 Int+2}

@: wreathed by umbra
A: horns 1, yellow scales 2, spiny 1, rot immunity
a: Shadow Step, Renounce Religion, Evoke Flight


You were on level 8 of the Dungeon.
You worshipped Dithmenos.
Dithmenos was most pleased with you.
You were not hungry.

You visited 1 branch of the dungeon, and saw 8 of its levels.
You also visited: Sewer.

You collected 437 gold pieces.

Inventory:

Hand Weapons
 a - a +2 dagger (weapon)
 A - a +0 blowgun
Missiles
 k - 31 poisoned needles
 p - 5 tomahawks (quivered)
Armour
 b - a +0 robe (worn)
 n - a +1 pair of gloves (worn)
 F - a cursed +0 cloak (worn)
Magical Staves
 y - an uncursed staff of earth
 G - an uncursed staff of fire
Jewellery
 e - an uncursed ring of magical power
 g - the ring "Neaquane" (right hand) {+Fly MR+ Str+5 Int+2}
   (You found it on level 4 of the Dungeon)

   [ring of flight]

   It affects your strength (+5).
   It affects your intelligence (+2).
   It affects your resistance to hostile enchantments.
   It lets you fly.
 C - a ring of stealth (left hand)
Wands
 z - a wand of digging (7)
 B - a wand of random effects (13)
 H - a wand of clouds (4)
Scrolls
 i - 2 scrolls of teleportation
 j - a scroll of immolation {unknown}
 m - a scroll of amnesia
 q - 2 scrolls of enchant weapon
 t - 3 scrolls of magic mapping
 w - 4 scrolls of fog {unknown}
 E - a scroll of random uselessness {unknown}
 K - a scroll of blinking
Potions
 c - 5 potions of flight
 f - 3 potions of magic
 l - a potion of cancellation
 o - 2 potions of curing
 r - 4 potions of haste
 s - a potion of brilliance
 u - a potion of ambrosia
 v - a potion of heal wounds
 x - a potion of agility
 D - a potion of lignification {!q}
 I - a potion of invisibility {unknown}
 J - a potion of might {unknown}
Comestibles
 d - 14 rations
 h - 6 chunks of flesh


   Skills:
 - Level 0.8 Short Blades
 - Level 1.7 Dodging
 * Level 8.2 Stealth
 - Level 4.0 Spellcasting
 - Level 4.0 Conjurations
 * Level 8.3 Hexes
 + Level 4.6 Ice Magic
 + Level 6.6 Invocations


You had 5 spell levels left.
You knew the following spells:

 Your Spells              Type           Power        Failure   Level  Hunger
a - Apportation           Tloc           #.....       14%         1    None
b - Ensorcelled Hibernat  Hex/Ice        ####..       1%          2    ##.....
c - Confuse               Hex            ####....     1%          3    ###....
d - Tukima's Dance        Hex            ####....     1%          3    ###....
g - Dazzling Spray        Conj/Hex       ####..       3%          3    ###....

Your spell library contained the following spells:

 Spells                   Type           Power        Failure   Level  Hunger
 Confusing Touch          Hex            ####..       1%          1    None
 Corona                   Hex            ####...      1%          1    None
 Shock                    Conj/Air       ##..         6%          1    None
 Animate Skeleton         Necr           N/A          14%         1    None
 Summon Small Mammal      Summ           #...         14%         1    None
 Static Discharge         Conj/Air       ##......     19%         3    ###....
 Swiftness                Chrm/Air       #.......     22%         2    ##.....
 Airstrike                Air            #.........   82%         4    ####...
 Lightning Bolt           Conj/Air       ##........   87%         5    ######.


Dungeon Overview and Level Annotations

Branches:
Dungeon (8/15)             Temple (0/1) D:5
   Lair: D:8-11

Altars:
Ashenzari
Cheibriados
Dithmenos
Fedhas
Gozag
Hepliaklqana
Nemelex Xobeh
Qazlal
Wu Jian
Xom
Yredelemnul
Zin

Shops:
D:6 (

Annotations:
D:7 Joseph


Innate Abilities, Weirdness & Mutations

You have a pair of small horns on your head.
You are mostly covered in yellow scales. (AC +3)
You are partially covered in sharp spines.
You are immune to rotting.


Message History

Aiming: Confuse (safe; 1% risk of failure)
Press: ? - help, Shift-Dir - straight line, f/p - gargoyle
Aim: a gargoyle (umbra, chance to defeat MR: 44%)
The gargoyle resists with some effort.
Something barely misses the gargoyle.
The gargoyle hurls a stone arrow at you.
The stone arrow hits you!
Unknown command.
Casting: Confuse (safe; 1% risk of failure)
Confirm with . or Enter, or press ? or * to list all spells.
Aiming: Confuse (safe; 1% risk of failure)
Press: ? - help, Shift-Dir - straight line, f/p - gargoyle
Aim: a gargoyle (umbra, chance to defeat MR: 44%)
The gargoyle resists with some effort.
The gargoyle hurls a stone arrow at you.
The stone arrow hits you!
* * * LOW HITPOINT WARNING * * *
Something hits the gargoyle but does no damage.
The gargoyle hurls a stone arrow at you.
The stone arrow hits you!
You die...

..........##..##.....##
..........##....#.#####
.............##.......#
...........######..##..
...........# #.#
...........# ...
........##.# .)..
....(...#..# .....
.......@..## ...
#######..## #9## ...(
...... ........#
........# ........#
.......


You could see a gargoyle and a friendly flail.

Vanquished Creatures
  A two-headed ogre (D:8)
  A hippogriff (D:8)
  Grinder (D:5)
  Sigmund (D:3)
  A hungry ghost (D:7)
  Edmund (D:5)
  Purgy (Sewer)
  An orc warrior (D:7)
  2 sky beasts
  An ice beast (D:5)
  3 ogres
  A centaur (D:6)
  4 bullfrogs
  3 wights (D:6)
  2 howler monkeys
  3 centaur zombies
  2 bullfrog zombies (D:6)
  A quasit (D:4)
  A bullfrog skeleton (D:8)
  3 hounds
  Crazy Yiuf (D:3)
  6 orc priests
  2 jellies
  3 iguanas
  Natasha (thrice) (D:3)
  7 orc wizards
  Terence (D:2)
  5 worker ants
  A hound zombie (D:4)
  3 hound skeletons
  A howler monkey skeleton (D:6)
  A worker ant zombie (D:7)
  6 adders
  An adder skeleton (D:6)
  3 adder zombies (D:6)
  3 worms
  A dart slug (D:2)
  5 leopard geckos
  20 orcs
  A ball python (D:1)
  9 bats
  A giant cockroach (D:2)
  6 goblins
  3 hobgoblins
  17 jackals
  5 quokkas
  5 frilled lizards
  A jackal zombie (D:8)
  7 kobolds
  4 rats
166 creatures vanquished.

Vanquished Creatures (collateral kills)
  2 wights (D:6)
2 creatures vanquished.

Vanquished Creatures (others)
  A withered plant (D:6)
1 creature vanquished.

Grand Total: 169 creatures vanquished

Notes
Turn   | Place    | Note
-------+----------+-------------------------------------------
     0 | D:1      | mopl the Demonspawn Enchanter began the quest for the Orb.
     0 | D:1      | Reached XP level 1. HP: 13/13 MP: 3/3
   511 | D:1      | Reached skill level 3 in Stealth
   511 | D:1      | Gained mutation: You are partially covered in sharp spines.
                  | [demonic ancestry]
   511 | D:1      | Reached XP level 2. HP: 7/19 MP: 5/5
   515 | D:1      | Learned a level 2 spell: Ensorcelled Hibernation
   733 | D:1      | Found a shimmering altar of Xom.
   988 | D:1      | You fall through a shaft!
  1504 | D:2      | Noticed Terence
  1527 | D:2      | Killed Terence
  1527 | D:2      | Gained mutation: You are partially covered in yellow
                  | scales. (AC +2) [demonic ancestry]
  1527 | D:2      | Reached XP level 3. HP: 7/24 MP: 6/6
  1741 | D:2      | Learned a level 3 spell: Confuse
  1960 | D:2      | Found a blossoming altar of Fedhas.
  2101 | D:2      | Reached skill level 1 in Ice Magic
  2226 | D:2      | Reached XP level 4. HP: 30/30 MP: 7/7
  2421 | D:2      | Found a faded altar of an unknown god.
  2421 | D:2      | Found a basalt altar of Yredelemnul.
  2428 | D:2      | Found a shadowy altar of Dithmenos.
  2430 | D:2      | Found a glowing silver altar of Zin.
  2431 | D:2      | Found a faded altar of an unknown god.
  2434 | D:2      | Became a worshipper of Dithmenos the Shadowed
  2989 | D:3      | Found a glowing drain.
  2996 | Sewer    | Entered a sewer
  3056 | Sewer    | Noticed Purgy
  3073 | Sewer    | Killed Purgy
  3073 | Sewer    | Reached skill level 4 in Stealth
  3073 | Sewer    | Reached skill level 4 in Hexes
  3073 | Sewer    | Reached skill level 1 in Invocations
  3073 | Sewer    | Gained mutation: You are immune to rotting. [demonic
                  | ancestry]
  3073 | Sewer    | Reached XP level 5. HP: 20/35 MP: 9/9
  3078 | Sewer    | Learned a level 3 spell: Dazzling Spray
  3180 | D:3      | Noticed Natasha
  3202 | D:3      | Killed Natasha
  3460 | D:3      | Reached XP level 6. HP: 27/41 MP: 10/10
  3542 | D:3      | Found a faded altar of an unknown god.
  3547 | D:3      | Noticed Sigmund
  3553 | D:3      | Killed Sigmund
  3553 | D:3      | Reached skill level 3 in Spellcasting
  3553 | D:3      | Reached skill level 1 in Conjurations
  3553 | D:3      | Reached skill level 2 in Ice Magic
  3553 | D:3      | Reached skill level 2 in Invocations
  3567 | D:3      | Noticed Natasha
  3574 | D:3      | Killed Natasha
  3601 | D:3      | Found a runed door.
  3630 | D:3      | Noticed Crazy Yiuf
  3636 | D:3      | Killed Crazy Yiuf
  3636 | D:3      | Reached * piety under Dithmenos
  3636 | D:3      | Reached XP level 7. HP: 46/46 MP: 11/11
  3729 | D:3      | Noticed Natasha
  3745 | D:3      | Killed Natasha
  3745 | D:3      | Reached skill level 5 in Hexes
  4268 | D:4      | Got a wavering brass ring
  4270 | D:4      | Identified the ring "Neaquane" {+Fly MR+ Str+5 Int+2} (You
                  | found it on level 4 of the Dungeon)
  4331 | D:4      | Reached skill level 5 in Stealth
  4638 | D:4      | Found an opulent altar of Gozag.
  4893 | D:4      | Reached skill level 3 in Invocations
  4939 | D:4      | Found a snail-covered altar of Cheibriados.
  4952 | D:4      | Found a hazy altar of Hepliaklqana.
  4959 | D:4      | Found a stormy altar of Qazlal.
  4960 | D:4      | Found a sparkling altar of Nemelex Xobeh.
  5060 | D:5      | Entered Level 5 of the Dungeon
  5073 | D:5      | Reached skill level 2 in Conjurations
  5078 | D:5      | Learned a level 3 spell: Tukima's Dance
  5153 | D:5      | Found a staircase to the Ecumenical Temple.
  5445 | D:5      | Learned a level 1 spell: Apportation
  5481 | D:5      | Reached XP level 8. HP: 52/52 MP: 13/13
  5626 | D:5      | Noticed Grinder
  5654 | D:5      | Killed Grinder
  5708 | D:5      | Noticed Edmund
  5721 | D:5      | Killed Edmund
  5721 | D:5      | Reached skill level 6 in Stealth
  5721 | D:5      | Reached skill level 6 in Hexes
  5721 | D:5      | Reached skill level 3 in Ice Magic
  5721 | D:5      | Reached skill level 4 in Invocations
  6023 | D:6      | Reached ** piety under Dithmenos
  6188 | D:6      | Reached skill level 4 in Spellcasting
  6188 | D:6      | Reached skill level 3 in Conjurations
  6282 | D:6      | Found Ziabi's Antique Weapon Boutique.
  6462 | D:6      | Found an ornate altar of the Wu Jian Council.
  6783 | D:6      | Gained mutation: You are mostly covered in yellow scales.
                  | (AC +3) [demonic ancestry]
  6783 | D:6      | Reached XP level 9. HP: 37/57 MP: 7/15
  6874 | D:6      | Reached skill level 5 in Invocations
  7493 | D:7      | Reached skill level 7 in Hexes
  7530 | D:7      | Reached skill level 7 in Stealth
  7692 | D:7      | Noticed Joseph
  7881 | D:7      | Reached skill level 4 in Conjurations
  8252 | D:7      | Found a shimmering altar of Xom.
  8502 | D:8      | Noticed a two-headed ogre
  8538 | D:8      | Killed a two-headed ogre
  8538 | D:8      | Reached skill level 4 in Ice Magic
  8538 | D:8      | Reached skill level 6 in Invocations
  8573 | D:8      | Reached *** piety under Dithmenos
  8638 | D:8      | Noticed a gargoyle
  8643 | D:8      | Reached skill level 8 in Hexes
  8965 | D:8      | Reached skill level 8 in Stealth
  9298 | D:8      | Gained mutation: You have a pair of small horns on your
                  | head. [demonic ancestry]
  9298 | D:8      | Reached XP level 10. HP: 63/63 MP: 13/16
  9324 | D:8      | Found a shattered altar of Ashenzari.
  9412 | D:8      | Killed from afar by a gargoyle

Vault maps used:
D:1:      minmay_arrival_four_houses, xom_teletrap_fun
D:2:      chequers_temple_overflow_minitemple, fedhas_altar_4, first_ration,
          uniq_terence
D:3:      gup_sewer_entry_bubbles, chequers_ecumenical_altar_twisty,
          uniq_sigmund, uniq_crazy_yiuf_cottage, uniq_natasha
D:4:      lemuel_round_altar, minitemple
D:5:      temple_pool_b, uniq_edmund, uniq_grinder
D:6:      kennysheep_mini_moat, serial_shops, nicolae_shop_waterfront,
          serial_undead, serial_undead_f, serial_undead_f, serial_undead_b,
          serial_undead_b, hangedman_decor_slide_cut
D:7:      kennysheep_little_box, uniq_joseph
D:8:      lemuel_coloured_pillars_altar, lair_entry_dummy
Sewer:    sewer_the_crocodile

Skill      XL: |  1  2  3  4  5  6  7  8  9 |
---------------+----------------------------+-----
Stealth        | 3 4 5 6 8 |  8.2
Ice Magic      | 1 2 3 4 |  4.6
Hexes          | 4 5 6 8 |  8.3
Invocations    | 1 2 3 4 6 |  6.6
Spellcasting   | 3 4 |  4.0
Conjurations   | 1 2 3 4 |  4.0
Short Blades   | |  0.8
Dodging        | |  1.7

Action                   |  1- 3 |  4- 6 |  7- 9 | 10-12 || total
-------------------------+-------+-------+-------+-------++-------
Melee: Dagger            |   115 |   100 |   337 |     7 ||   559
       Headbutt          |       |       |       |     3 ||     3
 Cast: Corona            |    10 |       |       |       ||    10
       Ensorcelled Hiber |     3 |    13 |    21 |       ||    37
       Confuse           |       |     2 |    15 |     3 ||    20
       Tukima's Dance    |       |       |     8 |     2 ||    10
       Dazzling Spray    |       |       |     2 |       ||     2
Evoke: Wand              |       |       |     2 |       ||     2
  Use: Scroll            |       |     5 |    12 |       ||    17
 Stab: Sleeping          |     4 |     8 |    36 |     1 ||    49
       Confused          |       |     3 |     7 |       ||    10
       Invisible         |       |       |     1 |       ||     1
       Distracted        |       |       |       |     1 ||     1
  Eat: Chunk             |     4 |     6 |    22 |       ||    32
Armor: Robe              |    22 |    19 |    71 |     4 ||   116
Dodge: Dodged            |    93 |    45 |   149 |     1 ||   288

Table legend:
 A = Non-vault XP
 B = Vault XP
 C = Vault XP percentage of total XP
 D = Non-vault monster count
 E = Vault monster count
 F = Vault count percentage of total count
                 A         B        C        D         E       F
            +---------+---------+-------+---------+---------+-------
      Total |    4607 |    1040 |  18.4 |     145 |      23 |  13.7
            +---------+---------+-------+---------+---------+-------
        D:1 |      21 |       0 |   0.0 |      12 |       0 |   0.0
        D:2 |      61 |      32 |  34.4 |      26 |       1 |   3.7
        D:3 |     235 |     308 |  56.7 |      20 |       7 |  25.9
        D:4 |     237 |       0 |   0.0 |      15 |       0 |   0.0
        D:5 |     460 |     390 |  45.9 |      11 |       2 |  15.4
        D:6 |    1001 |     168 |  14.4 |      24 |       7 |  22.6
        D:7 |     683 |       0 |   0.0 |      13 |       0 |   0.0
        D:8 |    1909 |       0 |   0.0 |      24 |       0 |   0.0
      Sewer |       0 |     142 | 100.0 |       0 |       6 | 100.0
            +---------+---------+-------+---------+---------+-------
